 Dungeon Crawl Stone Soup version 0.17-a0-1979-g1c74939 (webtiles) character file.

1666 zeke the Cleaver (level 8, -3/70 HPs)
             Began as a Minotaur Fighter on Oct 5, 2015.
             Slain by a sixfirhy (10 damage)
             ... summoned by an orc sorcerer
             ... on level 7 of the Dungeon on Oct 6, 2015.
             The game lasted 00:11:03 (5191 turns).

zeke the Cleaver (Minotaur Fighter)                 Turns: 5191, Time: 00:11:03

Health: -3/70      AC: 10    Str: 28    XL:     8   Next: 69%
Magic:  7/7        EV: 10    Int:  5    God:
Gold:   387        SH: 11    Dex: 13    Spells: 0 memorised, 7 levels left

rFire  . . .     SeeInvis .     a - +1 war axe
rCold  . . .     Clarity  .     b - +0 scale mail
rNeg   + . .     SustAt   .     c - +0 shield
rPois  .         Gourm    .     (helmet restricted)
rElec  .         Spirit   .     (no cloak)
rCorr  .         Warding  .     A - +0 pair of gloves
rMut   .         Stasis   .     m - +0 pair of boots
MR     .....                    (no amulet)
Stlth  ..........               l - +3 ring of dexterity
                                v - ring of positive energy

@: mighty, flying, drained, not resistant to hostile enchantments, extremely
unstealthy
A: retaliatory headbutt, horns 2
a: no special abilities


You were on level 7 of the Dungeon.
You were not hungry.

You visited 1 branch of the dungeon, and saw 7 of its levels.

You collected 387 gold pieces.

Inventory:

Hand Weapons
 a - a +1 war axe (weapon)
Missiles
 x - 5 javelins (quivered)
Armour
 b - a +0 scale mail (worn)
 c - a +0 shield (worn)
 m - a +0 pair of boots (worn)
 A - a +0 pair of gloves (worn)
Jewellery
 l - a +3 ring of dexterity (right hand)
 v - a ring of positive energy (left hand)
Wands
 t - a wand of fireball (4)
 F - a wand of slowing (17)
 G - a wand of draining (4)
Scrolls
 g - 3 scrolls of blinking
 j - 3 scrolls of immolation
 p - 4 scrolls of identify
 r - 4 scrolls of fog
 w - a scroll of enchant armour {unknown}
 y - a scroll of enchant weapon
 B - a scroll of amnesia
 E - a scroll of remove curse
Potions
 d - a potion of might
 f - a potion of flight
 h - a potion of heal wounds {unknown}
 k - a potion of agility {unknown}
 o - 2 potions of invisibility {unknown}
 q - a potion of cancellation {unknown}
 u - a potion of lignification {unknown}
 z - 4 potions of haste {unknown}
 D - a potion of curing {unknown}
Miscellaneous
 i - a plain deck of summoning {the Illusion}
Comestibles
 e - 4 bread rations
 n - 3 fruits
 s - a meat ration
 C - a royal jelly
 H - 2 chunks of flesh


   Skills:
 + Level 6.2 Fighting
 * Level 8.5 Axes
 + Level 7.0(6.9) Armour
 + Level 4.4(4.3) Dodging
 + Level 0.1 Stealth
 + Level 5.8 Shields


You had 7 spell levels left.
You didn't know any spells.

Dungeon Overview and Level Annotations

Branches:
Dungeon (7/15)
 Temple: D:4-7

Altars:
Dithmenos
Elyvilon
Gozag
Makhleb
Nemelex Xobeh
Ru
Sif Muna
Yredelemnul
Zin


Innate Abilities, Weirdness & Mutations

You reflexively headbutt those who attack you in melee.
You have a pair of horns on your head.


Message History

The bolt of negative energy hits the orc.
The orc is drained!
The orc dies!
The bolt of negative energy hits you! You partially resist.
You feel drained.
* * * LOW HITPOINT WARNING * * *
An orc comes into view.
You slice the orc warrior!!
You kill the orc warrior!
Your base Armour skill increases to level 7!
You block the sixfirhy's attack. The sixfirhy barely misses you.
You furiously retaliate!
You headbutt the sixfirhy. You block the sixfirhy's attack.
Unknown command.
Drink which item? (? for menu, Esc to quit)
It was a potion of flight.
You feel very buoyant.
You fly up into the air.
The orc shouts!
The sixfirhy hits you!
You die...

#)...# #+##
######''o'#############...
........oo............#.o.
≈≈≈≈≈≈..o.≈≈≈≈≈≈≈≈≈≈≈≈####
≈≈≈≈≈≈..ooo≈≈≈≈≈≈≈≈≈≈≈≈≈≈≈
≈≈≈≈≈≈.[o4≈≈≈≈≈≈≈≈≈≈≈≈≈≈≈≈
.......÷[..........†......
........4)###<....[.......
.##....#)@# #.##.#########
#....#..###.##.# #
#....#...##.##.#########
####.##..##.##.#........
#? #..##.##.#####.### #.
#...#.##.# #†# #.
##..#.##.# #.# #....#
.#####.### #....
#..........


You could see a rust devil, a sixfirhy, an orc sorcerer, an orc warrior, an orc
priest and 5 orcs.

Vanquished Creatures
  4 wargs (D:7)
  An orc warrior (D:7)
  A water moccasin (D:7)
  2 necrophages
  A sky beast (D:6)
  A phantom (D:6)
  2 scorpions (D:6)
  5 hounds
  2 orc priests
  A crimson imp (D:6)
  An orc wizard (D:6)
  A centaur skeleton (D:4)
  A giant frog skeleton (D:4)
  An iguana (D:4)
  3 worker ants
  A shadow imp (D:4)
  4 adders
  An ooze (D:1)
  3 worms
  2 giant geckos
  27 orcs
  5 bats
  6 goblins
  5 hobgoblins
  2 jackals (D:4)
  3 quokkas
  7 giant cockroaches
  A giant gecko skeleton (D:5)
  5 giant newts
  8 kobolds
  A quokka skeleton (D:5)
  6 rats
114 creatures vanquished.

Vanquished Creatures (others)
  3 orcs (D:7)
3 creatures vanquished.

Grand Total: 117 creatures vanquished

Notes
Turn   | Place    | Note
--------------------------------------------------------------
     0 | D:1      | zeke the Minotaur Fighter began the quest for the Orb.
     0 | D:1      | Reached XP level 1. HP: 19/19 MP: 0/0
    60 | D:1      | Reached XP level 2. HP: 14/27 MP: 1/1
   250 | D:1      | Found a sparkling altar of Nemelex Xobeh.
   374 | D:1      | Reached skill level 4 in Fighting
   751 | D:2      | Found a white marble altar of Elyvilon.
   768 | D:2      | Reached XP level 3. HP: 33/33 MP: 2/2
  1199 | D:2      | Upgraded the game from 0.17-a0-1954-g0dddeaa to 0.17-a0-1979-g1c74939
  1607 | D:3      | Reached XP level 4. HP: 40/40 MP: 3/3
  1650 | D:3      | Found a burning altar of Makhleb.
  1662 | D:3      | Found a glowing silver altar of Zin.
  1662 | D:3      | Noticed an angel
  1663 | D:3      | Noticed a blizzard demon
  1820 | D:3      | Reached skill level 1 in Dodging
  2033 | D:3      | Found a faded altar to an unknown god.
  2165 | D:4      | Reached XP level 5. HP: 27/47 MP: 4/4
  2432 | D:4      | Found a sacrificial altar of Ru.
  2596 | D:4      | Found a white marble altar of Elyvilon.
  2767 | D:4      | Reached skill level 5 in Axes
  2856 | D:5      | Entered Level 5 of the Dungeon
  3016 | D:5      | Reached skill level 5 in Armour
  3016 | D:5      | Reached XP level 6. HP: 45/53 MP: 5/5
  3168 | D:5      | Found a shadowy altar of Dithmenos.
  3169 | D:5      | Found a sparkling altar of Nemelex Xobeh.
  3356 | D:5      | Found a basalt altar of Yredelemnul.
  3977 | D:6      | Reached XP level 7. HP: 56/60 MP: 6/6
  4051 | D:6      | Found an opulent altar of Gozag.
  4073 | D:6      | Reached skill level 5 in Fighting
  4101 | D:6      | Reached skill level 6 in Axes
  4101 | D:6      | Reached skill level 5 in Shields
  4141 | D:6      | Found an opulent altar of Gozag.
  4143 | D:6      | Found a deep blue altar of Sif Muna.
  4611 | D:7      | Reached skill level 7 in Axes
  4718 | D:7      | Reached XP level 8. HP: 52/69 MP: 7/7
  4939 | D:7      | Reached skill level 8 in Axes
  5182 | D:7      | Noticed an orc sorcerer
  5184 | D:7      | Noticed a sixfirhy
  5186 | D:7      | Noticed a rust devil
  5188 | D:7      | Noticed a sixfirhy
  5188 | D:7      | Killed a sixfirhy
  5191 | D:7      | Slain by a sixfirhy

Vault maps used:
D:1:      denvon_arrival_planthouse, nemelex_deck
D:2:      nicolae_overflow_crystal_walls, first_bread
D:3:      grunt_temple_overflow_order_and_chaos_2, ecumenical_altar_1
D:4:      nicolae_ru_path_of_blood, elyvilon_altar_5
D:5:      old_standard_altar, gammafunk_temple_overflow_statue
D:6:      minitemple, grunt_gozag_breadcrumbs
D:7:      lemuel_castle_with_subvaults, nicolae_overflow_hidden_temple,
          temple_green

Action                   |  1- 3 |  4- 6 |  7- 9 || total
-------------------------+-------+-------+-------++-------
Melee: War axe           |   111 |   122 |   106 ||   339
  Use: Scroll            |     5 |     3 |       ||     8
       Potion            |       |       |     2 ||     2
  Eat: Chunk             |     2 |     4 |     2 ||     8
       Bread ration      |       |     1 |       ||     1
       Beef jerky        |       |     1 |       ||     1
